[Event "Titled Tuesday Blitz November 08 Early 2022"]
[White "Galchenko, Matvey"]
[Black "Bortnyk, Olexandr"]
[WhiteFideId "24175480"]
[BlackFideId "14120828"]
[WhiteElo "2403"]
[BlackElo "2723"]
[Result "0-1"]
[Round "04"]
[TimeControl "180+1"]
[Date "2022.11.08"]
[WhiteClock "0:00:10"]
[BlackClock "0:00:04"]

1. f4 b6 2. Nf3 Bb7 3. g3 f5 4. Bg2 Nf6 5. O-O g6 6. d3 Bg7 7. Nc3 d5 8. Ne5 Nbd7 9. Nxd7 Qxd7 10. e3 c5 11. Qe2 O-O 12. Bd2 Rae8 13. d4 Rc8 14. Rad1 e6 15. Be1 a6 16. dxc5 bxc5 17. h3 h5 18. e4 d4 19. e5 Ne8 20. Bxb7 Qxb7 21. Na4 Qb5 22. Qxb5 axb5 23. Nb6 Rc6 24. Nd7 Rf7 25. Nf6+ Nxf6 26. exf6 Bxf6 27. Bf2 e5 28. fxe5 Bxe5 29. Rfe1 Bf6 30. Re8+ Kg7 31. Rb8 b4 32. Kg2 Ra7 33. Ra1 Re6 34. Kf3 Ree7 35. Rb5 Rec7 36. g4 hxg4+ 37. hxg4 fxg4+ 38. Kxg4 Ra6 39. Bg3 Rc8 40. a4 Ra7 41. a5 c4 42. a6 Rca8 43. Rxb4 Rxa6 44. Rxa6 Rxa6 45. Rxc4 Re6 46. Bf2 Re2 47. Kf3 Rd2 48. Bg3 g5 49. Ke4 Re2+ 50. Kf3 Re3+ 51. Kg4 Kg6 52. Rc6 Re4+ 53. Kf3 Re3+ 54. Kg2 Kf5 55. Bf2 Re2 56. Kf3 Rd2 57. Rc5+ Be5 58. Bg3 g4# 0-1


[Site "https://www.chess.com"]

[Event "Titled Tuesday Blitz November 08 Early 2022"]
[White "Galperin, Platon"]
[Black "Mendez Fortes, Eduardo Jesus"]
[WhiteFideId "14165414"]
[BlackFideId "3502376"]
[WhiteElo "2843"]
[BlackElo "2579"]
[Result "1-0"]
[Round "04"]
[TimeControl "180+1"]
[Date "2022.11.09"]
[WhiteClock "0:01:43"]
[BlackClock "0:00:04"]

1. b3 d5 2. Bb2 Nf6 3. Nf3 c5 4. e3 Nc6 5. Bb5 Bd7 6. O-O g6 7. c4 a6 8. Bxc6 Bxc6 9. Ne5 Bg7 10. Nxc6 bxc6 11. Nc3 O-O 12. Na4 Qd6 13. Rc1 d4 14. Qf3 Nd7 15. Rfd1 e5 16. Ba3 Rac8 17. exd4 Qxd4 18. Qe3 Rfd8 19. Bxc5 Nxc5 20. Nxc5 Ra8 21. b4 a5 22. Nb7 Qxe3 23. fxe3 Rd3 24. Nxa5 c5 25. Rc3 Rd7 26. a3 e4 27. Rb3 Rc7 28. d4 exd3 29. Rdxd3 cxb4 30. axb4 Bf8 31. Rd5 Be7 32. g3 Rb8 33. b5 Rcc8 34. Nc6 Rxc6 35. bxc6 Rxb3 36. c7 1-0


[Site "https://www.chess.com"]

[Event "Titled Tuesday Blitz November 08 Early 2022"]
[White "Gareyev, Timur"]
[Black "Avramidou, Anastasia"]
[WhiteFideId "14200937"]
[BlackFideId "4239873"]
[WhiteElo "2808"]
[BlackElo "2554"]
[Result "0-1"]
[Round "04"]
[TimeControl "180+1"]
[Date "2022.11.09"]
[WhiteClock "0:00:01"]
[BlackClock "0:00:03"]

1. d4 Nf6 2. c4 e6 3. Nf3 d5 4. Nc3 c5 5. cxd5 exd5 6. Bg5 Be6 7. e3 Nc6 8. Bb5 Be7 9. dxc5 Bxc5 10. O-O O-O 11. Rc1 Be7 12. Ne2 Rc8 13. Ned4 Nxd4 14. Qxd4 Qa5 15. a4 h6 16. Bh4 Rxc1 17. Rxc1 Rc8 18. Rxc8+ Bxc8 19. h3 Be6 20. g4 a6 21. Bd3 Bd7 22. b3 Qc7 23. Kg2 Be6 24. Qb2 Qb6 25. Nd4 Bd7 26. Qc2 Qd8 27. Bf5 Be8 28. Qc8 b6 29. Bg3 g6 30. Qxd8 Bxd8 31. Bd3 a5 32. Bb5 Kf8 33. f3 Ke7 34. Bxe8 Nxe8 35. Nc6+ Kd7 36. Ne5+ Ke6 37. Nc6 Kd7 38. Nxd8 Kxd8 39. Kf2 Kd7 40. Ke2 Kc6 41. Kd3 Nf6 42. Kd4 Nd7 43. h4 Nc5 44. Kc3 Ne6 45. Be5 h5 46. gxh5 gxh5 47. Kd3 Nc5+ 48. Kc3 Ne6 49. Bd4 Nc7 50. Kd3 Ne6 51. e4 Nf4+ 52. Kd2 Ng2 53. Bf6 dxe4 54. fxe4 Nf4 55. Ke3 Ne6 56. Be7 b5 57. Kd3 Nf4+ 58. Ke3 Ne6 59. axb5+ Kxb5 60. e5 Kc6 61. Ke4 Kd7 62. Bd6 Ng7 63. Kf4 Ke6 64. Kg5 Nf5 65. Bb8 Nd4 66. Bc7 Nxb3 67. Kxh5 a4 68. Bd6 Nd4 69. Kg4 f6 70. Kf4 Ne2+ 71. Ke4 Ng3+ 72. Kf3 Nf5 73. h5 fxe5 0-1


[Site "https://www.chess.com"]

[Event "Titled Tuesday Blitz November 08 Early 2022"]
[White "Gheorghiu, Calin"]
[Black "Fawzy, Adham"]
[WhiteFideId "1200305"]
[BlackFideId "10613129"]
[WhiteElo "2225"]
[BlackElo "2541"]
[Result "1-0"]
[Round "04"]
[TimeControl "180+1"]
[Date "2022.11.09"]
[WhiteClock "0:00:33"]
[BlackClock "0:00:01"]

1. e4 c5 2. Nf3 d6 3. d4 cxd4 4. Nxd4 Nf6 5. Nc3 a6 6. Rg1 h5 7. h3 e5 8. Nb3 Be6 9. Bg5 Be7 10. Qd2 Nbd7 11. O-O-O Rc8 12. Kb1 b5 13. g4 b4 14. Bxf6 Nxf6 15. Nd5 Nxe4 16. Qe3 Bxd5 17. Rxd5 Nf6 18. Rd1 hxg4 19. hxg4 Qc7 20. Bd3 Nd5 21. Qe4 Nf4 22. Bxa6 d5 23. Qf5 Ra8 24. Bb5+ Kf8 25. Rh1 Rg8 26. Rh7 Qa7 27. Nc1 Bf6 28. g5 Be7 29. Bc6 Rb8 30. Bxd5 Nxd5 31. Rxd5 b3 32. Nxb3 Rd8 33. Rxd8+ Bxd8 34. g6 f6 35. Rh1 Qe7 36. Rd1 Rh8 37. a3 Rh4 38. Rd7 1-0


[Site "https://www.chess.com"]

[Event "Titled Tuesday Blitz November 08 Early 2022"]
[White "Ginzburg, Yakov"]
[Black "Grot, Blazej"]
[WhiteFideId "4157176"]
[BlackFideId "21835845"]
[WhiteElo "2305"]
[BlackElo "1822"]
[Result "0-1"]
[Round "04"]
[TimeControl "180+1"]
[Date "2022.11.09"]
[WhiteClock "0:00:06"]
[BlackClock "0:00:13"]

1. e4 c5 2. Nf3 e6 3. d4 cxd4 4. Nxd4 Nc6 5. Nc3 Qc7 6. g3 a6 7. Bg2 Nf6 8. O-O Nxd4 9. Qxd4 Bc5 10. Qd3 Be7 11. f4 d6 12. h3 O-O 13. Be3 Rb8 14. a4 b6 15. Kh2 Bb7 16. Bd4 Rbd8 17. Qe3 Nd7 18. Qf2 Bf6 19. Rad1 Bxd4 20. Qxd4 Nf6 21. e5 dxe5 22. Qxe5 Qc8 23. Rd6 Bxg2 24. Kxg2 Rxd6 25. Qxd6 Qb7+ 26. Kh2 Ne4 27. Nxe4 Qxe4 28. Qxb6 Qxc2+ 29. Rf2 Qxa4 30. h4 h5 31. f5 exf5 32. Rxf5 g6 33. Rf2 Qc4 34. b3 Qb5 35. Qxb5 axb5 36. Rd2 Rb8 37. Rd7 Kg7 38. Kh3 Kf6 39. g4 hxg4+ 40. Kxg4 Ke6 41. Ra7 Rb6 42. Kg5 Rc6 43. Rb7 Rc5+ 44. Kg4 Kf6 45. Rb6+ Kg7 46. Rb7 Rd5 47. Rb6 Rd4+ 48. Kf3 Rd3+ 49. Kg4 Rxb3 50. h5 gxh5+ 51. Kxh5 Rb1 52. Kg5 b4 53. Kg4 b3 54. Kg3 f6 55. Kg2 Kg6 56. Rb5 f5 57. Rb8 Kf6 58. Rf8+ Ke5 59. Re8+ Kf4 60. Rb8 b2 61. Rb4+ Kg5 62. Rb8 f4 63. Rb5+ Kf6 64. Rb4 f3+ 65. Kh2 f2 66. Rf4+ Ke5 67. Rxf2 Rh1+ 68. Kxh1 b1=Q+ 69. Kg2 Ke4 70. Re2+ Kf4 71. Rf2+ Kg4 72. Re2 Qd3 73. Kf2 Qf3+ 74. Ke1 Qd3 75. Kf2 Qg3+ 76. Kf1 Qa3 77. Kf2 Qa1 78. Re4+ Kf5 79. Re2 Kf4 80. Rd2 Qc3 81. Ke2 Qe3+ 82. Kd1 Kf3 83. Kc2 Qc5+ 84. Kd3 Qb5+ 85. Kc2 Ke3 86. Rd1 Qc4+ 87. Kb2 Ke2 88. Rc1 Qb4+ 89. Kc2 Qc4+ 90. Kb2 Qd4+ 91. Kb3 Kd2 92. Rc2+ Kd3 93. Rb2 Qb6+ 94. Ka3 Qa5+ 95. Kb3 Qb5+ 96. Ka3 Qc6 97. Rb3+ Kc2 98. Rb2+ Kc1 99. Rb3 Qa6+ 100. Kb4 Kc2 101. Rc3+ Kd2 102. Rc4 Qb6+ 103. Ka4 Kd3 104. Rb4 Qa6+ 105. Kb3 Qe6+ 106. Ka4 Kc3 107. Rb5 Qa6+ 108. Ra5 Qc4+ 109. Ka3 Qb4+ 110. Ka2 Qb2# 0-1


[Site "https://www.chess.com"]

[Event "Titled Tuesday Blitz November 08 Early 2022"]
[White "Goh, Zi Han"]
[Black "Zaragatski, Ilja"]
[WhiteFideId "5819156"]
[BlackFideId "4655192"]
[WhiteElo "2026"]
[BlackElo "2460"]
[Result "0-1"]
[Round "04"]
[TimeControl "180+1"]
[Date "2022.11.09"]
[WhiteClock "0:00:07"]
[BlackClock "0:00:04"]

1. d4 Nf6 2. c4 c5 3. d5 b5 4. cxb5 a6 5. b6 d6 6. Nc3 Qxb6 7. Nf3 g6 8. e4 Bg4 9. Be2 Bxf3 10. Bxf3 Nbd7 11. O-O Bg7 12. Bf4 O-O 13. Qd2 Ne8 14. a4 Nc7 15. a5 Qb7 16. Rfe1 Rab8 17. Rab1 Nb5 18. Nxb5 Qxb5 19. Be2 Qb4 20. Bxa6 Ra8 21. Qxb4 cxb4 22. Bb7 Rxa5 23. Bd2 Rb8 24. Bc6 Nc5 25. f4 Bd4+ 26. Kf1 Nd3 27. Re2 Nxb2 28. e5 Nd3 29. exd6 exd6 30. g3 Ra2 31. Be3 Rxe2 32. Kxe2 Bxe3 33. Kxd3 Bc5 34. Kc4 Kg7 35. Kb3 Kf6 36. Re1 Rb6 37. Re2 h5 38. h3 Rb8 39. g4 hxg4 40. hxg4 Rh8 41. g5+ Kf5 42. Re7 Rh3+ 43. Kc4 Rc3+ 44. Kb5 Kxf4 45. Rxf7+ Kxg5 46. Rf1 Rc2 47. Rb1 Kg4 48. Bd7+ Kg3 49. Be8 g5 50. Bg6 Rc3 51. Be4 g4 52. Rg1+ Bxg1 53. Bg6 Rc5+ 54. Kxb4 Rxd5 55. Be4 Re5 56. Kc4 Bc5 57. Bd5 Rxd5 0-1


[Site "https://www.chess.com"]

[Event "Titled Tuesday Blitz November 08 Early 2022"]
[White "Goldin, Roman"]
[Black "Dehtiarov, Roman"]
[WhiteFideId "2803860"]
[BlackFideId "14186640"]
[WhiteElo "2312"]
[BlackElo "2200"]
[Result "0-1"]
[Round "04"]
[TimeControl "180+1"]
[Date "2022.11.09"]
[WhiteClock "0:00:19"]
[BlackClock "0:00:43"]

1. Nf3 Nf6 2. e3 d5 3. b4 e6 4. a3 Bd6 5. Bb2 O-O 6. c4 c6 7. d3 a5 8. b5 Bd7 9. cxd5 cxd5 10. Nc3 Qe7 11. Qb3 h6 12. Be2 b6 13. O-O Bc8 14. e4 Nbd7 15. Qa2 Bb7 16. Nd2 Nc5 17. exd5 exd5 18. Rfe1 Qc7 19. Nf3 Rfe8 20. g3 Rad8 21. Nd4 Be5 22. Nf3 d4 23. Ne4 Nfxe4 24. dxe4 Bxe4 25. Nxe5 Qxe5 26. Bc4 Qf6 27. Rad1 Qf3 0-1


[Site "https://www.chess.com"]

[Event "Titled Tuesday Blitz November 08 Early 2022"]
[White "Golubev, Mikhail"]
[Black "Kaasen, Tor Fredrik"]
[WhiteFideId "14100983"]
[BlackFideId "1516647"]
[WhiteElo "2546"]
[BlackElo "2801"]
[Result "0-1"]
[Round "04"]
[TimeControl "180+1"]
[Date "2022.11.09"]
[WhiteClock "0:00:01"]
[BlackClock "0:00:08"]

1. e4 e5 2. d4 exd4 3. Qxd4 Nc6 4. Qd3 Nf6 5. Nc3 Bb4 6. Bd2 O-O 7. O-O-O Re8 8. Nge2 d6 9. h3 Ne5 10. Qg3 Nh5 11. Qg5 Qxg5 12. Bxg5 h6 13. Bd2 Nf6 14. a3 Bc5 15. Be1 a6 16. Ng3 Be6 17. f4 Nc6 18. Bd2 b5 19. Be2 Nd4 20. Rhe1 Nxe2+ 21. Rxe2 Bc4 22. Ree1 Bf2 23. Nf5 Bxe1 24. Rxe1 a5 25. b3 b4 26. bxc4 bxc3 27. Bxc3 Rxe4 28. Rxe4 Nxe4 29. Bxg7 Ng3 30. Nxg3 Kxg7 31. Nf5+ Kh7 32. Ne3 c6 33. Kd2 Kg6 34. g4 h5 35. Nf5 hxg4 36. hxg4 c5 37. Kc3 Rd8 38. Kb3 Kf6 39. Ne3 Ke6 40. Ka4 Rh8 41. Nd5 Rh2 42. Kxa5 Rxc2 43. Kb5 Rb2+ 44. Kc6 Rg2 45. g5 Ra2 46. Nc7+ Ke7 47. Nd5+ Ke6 48. Nc7+ Kf5 49. Kxd6 Rxa3 50. Kxc5 Kxf4 51. Nd5+ Kxg5 52. Kd6 Ra6+ 53. Ke5 Rc6 54. Kd4 f5 55. Ne7 Rd6+ 56. Ke5 Rd1 57. c5 f4 58. c6 Rc1 59. Kd6 f3 60. Nd5 f2 61. Ne3 Kf4 62. Ng2+ Kf3 63. Nh4+ Kg4 0-1


[Site "https://www.chess.com"]

[Event "Titled Tuesday Blitz November 08 Early 2022"]
[White "Gonzalez Vega, Alejandro"]
[Black "Turzo, Attila"]
[WhiteFideId "3510042"]
[BlackFideId "704954"]
[WhiteElo "2288"]
[BlackElo "2519"]
[Result "0-1"]
[Round "04"]
[TimeControl "180+1"]
[Date "2022.11.09"]
[WhiteClock "0:00:05"]
[BlackClock "0:00:18"]

1. e4 e5 2. Nf3 Nc6 3. d4 exd4 4. Bc4 Nf6 5. e5 d5 6. Bb5 Ne4 7. Nxd4 Bd7 8. Bxc6 bxc6 9. O-O Bc5 10. c3 O-O 11. f3 Ng5 12. f4 Ne4 13. f5 Re8 14. f6 Rxe5 15. fxg7 Kxg7 16. Bf4 Re8 17. Qh5 f6 18. Nd2 Kh8 19. Nf3 Rg8 20. Kh1 Qe8 21. Qxe8 Raxe8 22. Bxc7 Bb6 23. Bxb6 axb6 24. a4 c5 25. Nb5 Bxb5 26. axb5 Nd6 27. Nh4 Re6 28. Nf5 Nxb5 29. Ra6 Rd8 30. h3 d4 31. cxd4 Nxd4 32. Nh6 Kg7 33. Ng4 f5 34. Ra7+ Kg6 35. Nf2 Ne2 36. Rb7 Ng3+ 37. Kg1 Nxf1 38. Kxf1 Rd2 39. g4 Ree2 40. gxf5+ Kxf5 41. Rf7+ Kg6 42. Rf8 Rxf2+ 43. Rxf2 Rxf2+ 44. Kxf2 Kf5 45. Kf3 c4 46. h4 b5 0-1


[Site "https://www.chess.com"]

[Event "Titled Tuesday Blitz November 08 Early 2022"]
[White "Goryachkina, Aleksandra"]
[Black "Mihailidis, Anastasios"]
[WhiteFideId "4147103"]
[BlackFideId "4205588"]
[WhiteElo "2484"]
[BlackElo "2312"]
[Result "1-0"]
[Round "04"]
[TimeControl "180+1"]
[Date "2022.11.09"]
[WhiteClock "0:01:16"]
[BlackClock "0:00:28"]

1. e4 c5 2. Nf3 d6 3. Bb5+ Bd7 4. Bxd7+ Qxd7 5. O-O Nf6 6. Re1 Nc6 7. c3 e6 8. d4 cxd4 9. cxd4 d5 10. e5 Ne4 11. Nbd2 Nxd2 12. Bxd2 Be7 13. a3 O-O 14. Rc1 Rac8 15. Rc3 b5 16. Rd3 f5 17. exf6 Bxf6 18. Bg5 Qe7 19. Bxf6 Qxf6 20. Rde3 Rce8 21. Qd2 Re7 22. h3 a5 23. Rc1 Rc8 24. Rec3 Rec7 25. Ne5 Nxe5 26. Rxc7 Rxc7 27. Rxc7 Nc4 28. Qe2 Nd6 29. Rc6 Ne4 30. Rc8+ Kf7 31. Qh5+ Qg6 32. Rc7+ Kf6 33. Qe5# 1-0


[Site "https://www.chess.com"]

[Event "Titled Tuesday Blitz November 08 Early 2022"]
[White "Gracia Alvarez, Gerardo Antonio"]
[Black "Bibilashvili, Lali"]
[WhiteFideId "5109124"]
[BlackFideId "13604236"]
[WhiteElo "2139"]
[BlackElo "1819"]
[Result "1-0"]
[Round "04"]
[TimeControl "180+1"]
[Date "2022.11.09"]
[WhiteClock "0:00:41"]
[BlackClock "0:00:43"]

1. d4 Nf6 2. Bf4 d6 3. Nf3 Nbd7 4. c3 g6 5. Nbd2 Bg7 6. e4 O-O 7. Be2 Ne8 8. O-O e5 9. dxe5 dxe5 10. Be3 c6 11. a4 Nc7 12. Nc4 Ne6 13. Qc2 f5 14. Rad1 Qc7 15. Nd6 Nf4 16. Bc4+ Kh8 17. Ng5 h6 18. Ndf7+ Rxf7 19. Nxf7+ Kh7 20. exf5 Nb6 21. fxg6+ Nxg6 22. Bxb6 axb6 23. h4 h5 24. Ng5+ Kh6 25. Bf7 Nxh4 26. Qh7+ Kxg5 27. Qxg7+ Kf5 28. Bg6+ Nxg6 29. Qxc7 Be6 30. Rd8 Rxd8 31. Qxd8 b5 32. a5 Bd5 33. Qc8+ Kf6 34. Qxb7 Nf4 35. f3 h4 36. a6 h3 37. gxh3 Nxh3+ 38. Kh2 Nf4 39. a7 c5 40. a8=Q Bxb7 41. Qxb7 1-0


[Site "https://www.chess.com"]

[Event "Titled Tuesday Blitz November 08 Early 2022"]
[White "Grandelius, Nils"]
[Black "Besedes, Danilo"]
[WhiteFideId "1710400"]
[BlackFideId "946796"]
[WhiteElo "2919"]
[BlackElo "2616"]
[Result "0-1"]
[Round "04"]
[TimeControl "180+1"]
[Date "2022.11.09"]
[WhiteClock "0:00:09"]
[BlackClock "0:00:14"]

1. Nf3 d5 2. e3 c6 3. c4 Nf6 4. Nc3 g6 5. b3 Bg7 6. Bb2 O-O 7. Be2 Bg4 8. O-O e6 9. h3 Bxf3 10. Bxf3 Nbd7 11. d4 a5 12. Qe2 Re8 13. Rfd1 Qb8 14. Rac1 h5 15. h4 dxc4 16. bxc4 e5 17. Qc2 exd4 18. Rxd4 Nc5 19. g3 Ng4 20. Bxg4 hxg4 21. Rxg4 Qc8 22. Rf4 Qh3 23. Qe2 Rad8 24. Rd1 Be5 25. Qg4 Qxg4 26. Rxg4 Nd3 27. Ba1 Kh7 28. h5 gxh5 29. Rh4 Kg6 30. Kf1 Bf6 31. Rh1 Ne5 32. Rxd8 Rxd8 33. Ne4 Rd1+ 34. Kg2 Rxh1 35. Kxh1 Nd7 36. Nxf6 Nxf6 37. Kg2 b5 38. cxb5 cxb5 39. Kf3 Kf5 40. Bd4 Ne4 41. Bb6 a4 42. Ba5 Nc5 43. Ke2 Kg4 44. Bb4 Na6 45. Be1 b4 46. f3+ Kh3 47. Kd3 Kg2 48. f4 Kf3 49. e4 b3 50. axb3 axb3 51. e5 h4 52. gxh4 Kxf4 53. Bc3 Kg4 54. Be1 Kf5 55. Kc4 b2 0-1


[Site "https://www.chess.com"]

[Event "Titled Tuesday Blitz November 08 Early 2022"]
[White "Guimaraes, Wagner Peixoto"]
[Black "Vakhania, Alexandra"]
[WhiteFideId "2100940"]
[BlackFideId "13602560"]
[WhiteElo "2231"]
[BlackElo "2053"]
[Result "1-0"]
[Round "04"]
[TimeControl "180+1"]
[Date "2022.11.09"]
[WhiteClock "0:00:08"]
[BlackClock "0:00:02"]

1. e4 c6 2. d4 d5 3. f3 g6 4. Be3 Bg7 5. Nc3 dxe4 6. fxe4 Nf6 7. Nf3 O-O 8. a3 Bg4 9. Bc4 Nbd7 10. e5 Ne8 11. O-O Nc7 12. Qe1 Be6 13. Bd3 Nd5 14. Bd2 Nxc3 15. bxc3 b5 16. Qh4 f6 17. Qg3 Bd5 18. Rae1 Nb6 19. e6 Nc4 20. Bc1 Qd6 21. Bf4 Qxa3 22. Bxg6 Qxc3 23. Bf5 Nd6 24. Bxd6 exd6 25. Qxd6 Rfd8 26. Qg3 Bxf3 27. Rxf3 Qxd4+ 28. Kh1 Qd6 29. e7 Rd7 30. e8=Q+ Rxe8 31. Rxe8+ Kf7 32. Qxd6 Rxd6 33. Re1 a5 34. Ref1 a4 35. c3 Rd2 36. R3f2 Rd5 37. Bb1 Rc5 38. Ba2+ Kg6 39. Rf3 f5 40. h3 Bxc3 41. Bb1 b4 42. Rxf5 Rxf5 43. Bxf5+ Kg7 44. Bc2 b3 45. Bb1 a3 46. Rf2 c5 47. Re2 Bd4 48. g4 c4 49. Ba2 1-0


[Site "https://www.chess.com"]

[Event "Titled Tuesday Blitz November 08 Early 2022"]
[White "Gulevich, Artem"]
[Black "Nouri, Alekhine"]
[WhiteFideId "24119580"]
[BlackFideId "5216184"]
[WhiteElo "2218"]
[BlackElo "2151"]
[Result "0-1"]
[Round "04"]
[TimeControl "180+1"]
[Date "2022.11.08"]
[WhiteClock "0:00:05"]
[BlackClock "0:00:04"]

1. Nf3 c5 2. b3 Nc6 3. Bb2 d5 4. e3 Nf6 5. Be2 g6 6. O-O Bg7 7. d4 Ne4 8. Nbd2 Nxd2 9. Qxd2 O-O 10. c3 Bg4 11. dxc5 Rc8 12. b4 e6 13. Rfd1 a5 14. a3 b6 15. cxb6 Qxb6 16. Nd4 Bxe2 17. Qxe2 Ne5 18. c4 Nxc4 19. Bc3 a4 20. Rdc1 Nd6 21. Bb2 Rc4 22. Rxc4 Nxc4 23. Bc3 Rc8 24. Qc2 Nd6 25. Qd3 Ne4 26. Bb2 h5 27. Qd1 Qa6 28. Rc1 Rxc1 29. Qxc1 Qd3 30. b5 Nd6 31. b6 e5 32. Nc6 Qb5 33. Bxe5 Bxe5 34. Nxe5 Qxb6 35. h4 Nc4 36. Nxc4 Qc5 37. Qc2 dxc4 38. Qxa4 c3 39. Qc2 Qxa3 40. Qe4 Qa1+ 41. Kh2 Qa5 42. Qe8+ Kg7 43. Qc8 Qe5+ 44. g3 Qf6 45. Kg2 Qe5 46. Qc6 f5 47. Kg1 Kf7 48. Kh2 Qf6 49. Qd7+ Kf8 50. Qc8+ Kg7 51. Kg2 Qe5 52. Qd7+ Kh6 53. Qc8 Kh7 54. Kh2 Qf6 55. Qc7+ Qg7 56. Qc8 Kh6 57. Qc6 Qe5 58. Qc8 Kg7 59. Qd7+ Kf6 60. Qc6+ Ke7 61. Qc8 Kd6 62. Qb8+ Ke6 63. Qe8+ Kd5 64. Qb5+ Ke4 65. Qc4+ Kf3 66. Kg1 Qe4 67. Qxc3 Qb1+ 68. Kh2 Kxf2 69. Qd2+ Kf3 70. Qd3 Qxd3 0-1


[Site "https://www.chess.com"]

[Event "Titled Tuesday Blitz November 08 Early 2022"]
[White "Gurevich, Dmitry"]
[Black "Devaev, Alexander"]
[WhiteFideId "2000407"]
[BlackFideId "4169395"]
[WhiteElo "2506"]
[BlackElo "2225"]
[Result "1-0"]
[Round "04"]
[TimeControl "180+1"]
[Date "2022.11.09"]
[WhiteClock "0:00:20"]
[BlackClock "0:00:01"]

1. d4 Nf6 2. c4 e6 3. Nf3 Bb4+ 4. Bd2 Qe7 5. Nc3 b6 6. g3 Bb7 7. Bg2 Bxc3 8. Bxc3 Ne4 9. Rc1 O-O 10. O-O d6 11. d5 Nxc3 12. Rxc3 e5 13. e4 g6 14. Ne1 f5 15. exf5 gxf5 16. Nd3 Nd7 17. Re1 Nc5 18. Nf4 Kh8 19. b4 Na6 20. a3 Rg8 21. Ne6 Rae8 22. f4 Bc8 23. fxe5 Bxe6 24. exd6 Qxd6 25. dxe6 Qxd1 26. Rxd1 Rxe6 27. Bd5 Rd8 28. Bxe6 Rxd1+ 29. Kg2 Rd2+ 30. Kh3 c5 31. b5 Nc7 32. Bxf5 Ne8 33. Re3 Nd6 34. Bd3 Kg8 35. a4 h6 36. g4 Kf7 37. Kg3 Kf6 38. h4 Nf7 39. Rf3+ Ke6 40. Kf4 Ne5 41. Re3 Rf2+ 42. Kg3 Rd2 43. Be2 Kf6 44. Re4 Rd4 45. Kf4 1-0


[Site "https://www.chess.com"]

[Event "Titled Tuesday Blitz November 08 Early 2022"]
[White "Guz, Ari"]
[Black "Gholami Orimi, Mahdi"]
[WhiteFideId "2825759"]
[BlackFideId "12558486"]
[WhiteElo "2614"]
[BlackElo "2891"]
[Result "0-1"]
[Round "04"]
[TimeControl "180+1"]
[Date "2022.11.09"]
[WhiteClock "0:00:20"]
[BlackClock "0:01:00"]

1. Nf3 d5 2. b3 c5 3. Bb2 Nc6 4. e3 a6 5. d4 cxd4 6. exd4 Bf5 7. Bd3 Bxd3 8. Qxd3 Nf6 9. a3 g6 10. Nbd2 Bg7 11. O-O O-O 12. Ne5 Rc8 13. Rfe1 Qc7 14. Ndf3 Ne4 15. c4 e6 16. cxd5 exd5 17. Rac1 Qd6 18. b4 Na7 19. Nd2 Nf6 20. h3 Rxc1 21. Rxc1 Rc8 22. Rxc8+ Nxc8 23. Nb3 Ne8 24. Nc5 f6 25. Ng4 Qc6 26. Ne3 Ncd6 27. Qb3 Nc7 28. Nd3 Bh6 29. Ng4 Bg7 30. Nf4 Nc4 31. Bc1 Kf7 32. Nd3 Nb5 33. Be3 h5 34. Nh2 Nbxa3 35. Nf3 Nb5 36. Nf4 Nbd6 37. Qd3 Ne4 38. Nh4 g5 39. Nxh5 gxh4 40. f3 Nxe3 41. Qxe3 Ng3 42. Nxg3 hxg3 43. Qf4 Qc4 44. Qxg3 Qxd4+ 45. Kh2 Qxb4 46. Qc7+ Qe7 47. Qc8 a5 48. h4 a4 49. g3 a3 50. Qf5 Qe2+ 51. Kh3 Qe6 0-1


[Site "https://www.chess.com"]

[Event "Titled Tuesday Blitz November 08 Early 2022"]
[White "Harsh Suresh"]
[Black "Zhigalko, Sergei"]
[WhiteFideId "45018464"]
[BlackFideId "13502956"]
[WhiteElo "2227"]
[BlackElo "2662"]
[Result "0-1"]
[Round "04"]
[TimeControl "180+1"]
[Date "2022.11.08"]
[WhiteClock "0:00:02"]
[BlackClock "0:00:12"]

1. d4 Nf6 2. Nf3 e6 3. Bf4 b6 4. e3 Bb7 5. h3 Bd6 6. Bd3 Bxf4 7. exf4 O-O 8. O-O c5 9. c3 Qc7 10. f5 exf5 11. Bxf5 Qf4 12. Bc2 Bxf3 13. Qxf3 Qxf3 14. gxf3 cxd4 15. Rd1 Nc6 16. cxd4 Rac8 17. Nc3 Na5 18. Bd3 Nc4 19. Bxc4 Rxc4 20. Kf1 Rfc8 21. Rac1 Nd5 22. Ne2 Kf8 23. Rxc4 Rxc4 24. Rc1 Rxc1+ 25. Nxc1 Nf4 26. Ne2 Nxh3 27. f4 g5 28. fxg5 Nxg5 29. Nc3 Ke7 30. Kg2 Ne6 31. d5 Nc7 32. Kf3 Kd6 33. Ke4 h5 0-1


[Site "https://www.chess.com"]

[Event "Titled Tuesday Blitz November 08 Early 2022"]
[White "Harshavardhan G B"]
[Black "Sernecki, Franciszek"]
[WhiteFideId "25059009"]
[BlackFideId "1169297"]
[WhiteElo "2333"]
[BlackElo "2210"]
[Result "1-0"]
[Round "04"]
[TimeControl "180+1"]
[Date "2022.11.09"]
[WhiteClock "0:00:08"]
[BlackClock "0:00:03"]

1. e4 e6 2. d4 d5 3. Nd2 c5 4. exd5 exd5 5. Ngf3 Nf6 6. Bb5+ Bd7 7. Bxd7+ Nbxd7 8. O-O Be7 9. dxc5 Nxc5 10. Nb3 O-O 11. Nxc5 Bxc5 12. Bg5 Be7 13. Re1 h6 14. Bh4 Re8 15. c3 Qb6 16. Qc2 Ne4 17. Bxe7 Rxe7 18. Rad1 Rae8 19. Nd4 g6 20. f3 Nc5 21. Rxe7 Rxe7 22. Qd2 Kg7 23. h4 Ne6 24. Qf2 Nxd4 25. Rxd4 h5 26. Qd2 Rd7 27. g3 Rc7 28. Kg2 Rc5 29. b4 Rc4 30. Rxd5 Qc6 31. Rd3 b6 32. Re3 a5 33. bxa5 bxa5 34. Kh2 a4 35. Qe1 Rc5 36. Rd3 Qc7 37. Qe4 Rc4 38. Rd4 Rxc3 39. Rxa4 Rc2+ 40. Kh3 Qd7+ 41. g4 Qc7 42. Qd4+ Kh7 43. Qf4 hxg4+ 44. Kxg4 Qd7+ 45. Kg3 Qb7 46. h5 Qd7 47. hxg6+ fxg6 48. Qh4+ Kg7 49. Qf4 Qc7 50. Qxc7+ Rxc7 51. Kg4 Rc2 52. Ra6 Rg2+ 53. Kf4 Rb2 54. a4 Kh6 55. Ke5 Ra2 56. f4 Kh5 57. Kf6 Rf2 58. Ke5 Re2+ 59. Kd4 Rf2 60. Ke3 Ra2 61. a5 Ra1 62. Ke4 Re1+ 63. Kd5 Rf1 64. Ke5 Re1+ 65. Kd4 Rd1+ 66. Ke3 Ra1 67. Ra8 Kg4 68. a6 Ra3+ 69. Ke4 Ra4+ 70. Ke5 Ra5+ 71. Kf6 Kxf4 72. Kxg6 Kg4 73. a7 Ra6+ 74. Kg7 Kg5 75. Kf7 Kf5 76. Ke7 Ke5 77. Kd7 Kd5 78. Kc7 Kc5 79. Kb7 Rb6+ 80. Kc7 Rc6+ 81. Kd7 Rd6+ 82. Ke7 Ra6 83. Rc8+ Kb6 84. a8=Q Ra7+ 85. Qxa7+ Kxa7 1-0


[Site "https://www.chess.com"]

[Event "Titled Tuesday Blitz November 08 Early 2022"]
[White "Hart, Braeden"]
[Black "Hon, Eric"]
[WhiteFideId "30962587"]
[BlackFideId "2097117"]
[WhiteElo "2417"]
[BlackElo "1918"]
[Result "1-0"]
[Round "04"]
[TimeControl "180+1"]
[Date "2022.11.09"]
[WhiteClock "0:02:00"]
[BlackClock "0:00:27"]

1. e4 c5 2. Nf3 d6 3. b4 cxb4 4. d4 Nf6 5. Bd3 d5 6. e5 Ne4 7. O-O e6 8. Re1 Nc3 9. Nxc3 bxc3 10. Ng5 Be7 11. Qh5 g6 12. Qh6 Bf8 13. Qh3 h6 14. Nf3 Bg7 15. Ba3 Nc6 16. Qg4 h5 17. Qg3 h4 18. Qg4 Ne7 19. Nxh4 Nf5 20. Nxf5 exf5 21. Qf3 Qh4 22. Bb5+ Bd7 23. Bxd7+ Kxd7 24. Qxd5+ Kc8 25. Qc4+ Kd8 26. Qd5+ Kc8 27. Qc5+ Kd8 28. Qd6+ Kc8 29. e6 1-0


[Site "https://www.chess.com"]

[Event "Titled Tuesday Blitz November 08 Early 2022"]
[White "Hasangatin, Ramil"]
[Black "Troltenier, Dirk"]
[WhiteFideId "4122160"]
[BlackFideId "4606400"]
[WhiteElo "2362"]
[BlackElo "2313"]
[Result "1-0"]
[Round "04"]
[TimeControl "180+1"]
[Date "2022.11.09"]
[WhiteClock "0:01:05"]
[BlackClock "0:00:07"]

1. d4 d5 2. Nc3 Nf6 3. Bg5 Ne4 4. Nxe4 dxe4 5. e3 c5 6. dxc5 Qa5+ 7. Qd2 Qxc5 8. O-O-O Nc6 9. Bh4 Bf5 10. Ne2 Rd8 11. Qc3 Rxd1+ 12. Kxd1 Qd5+ 13. Ke1 e5 14. a3 Bd6 15. Ng3 Be6 16. Be2 f5 17. Nf1 O-O 18. Nd2 Qc5 19. Bc4 Bxc4 20. Qxc4+ Qxc4 21. Nxc4 Bc7 22. Ke2 h6 23. f3 g5 24. Bf2 exf3+ 25. gxf3 Kf7 26. e4 f4 27. c3 Rd8 28. a4 a6 29. h4 b5 30. axb5 axb5 31. Na3 b4 32. Nb5 Ba5 33. hxg5 hxg5 34. Rh6 bxc3 35. bxc3 Ne7 36. Ra6 Rb8 37. Rxa5 Nc6 38. Ra6 Rxb5 39. Rxc6 Rb2+ 40. Kf1 Rc2 41. c4 g4 42. fxg4 f3 43. g5 Kg7 44. Bg3 1-0


[Site "https://www.chess.com"]